 Dungeon Crawl Stone Soup version bcrawl-1.12-11-gb93c957c58 (webtiles) character file.

Game seed: 18250354969839356060

12342 MisterOstroum the Basher (level 11, -9/92 HPs)
             Began as a Demonspawn Archaeologist on June 21, 2019.
             Was a High Priest of Cheibriados.
             Killed by drain life
             ... invoked by a soul eater
             ... summoned by a kobold demonologist
              (19 damage)
             ... on level 10 of the Dungeon on June 22, 2019.
             The game lasted 00:55:07 (10826 turns).

MisterOstroum the Basher (DsAc)                    Turns: 10826, Time: 00:55:07

Health: -9/92      AC: -11   Str: 27    XL:     11   Next: 61%
Magic:  5/5        EV: 13    Int: 28    God:    Cheibriados [*****.]
Gold:   301        SH:  4    Dex: 28    Spells: 10/10 levels left

rFire    . . .     SeeInvis .   a - +5 demon whip "Spellbinder" {antimagic, MR+}
rCold    . . .     Gourm    .   (no shield)
rNeg     . . .     Faith    .   L - +2 plate armour {rPois}
rPois    +         Spirit   .   v - +1 hat
rElec    +         Reflect  +   (no cloak)
rCorr    .         Harm     .   d - +1 pair of gloves
MR       +....                  c - +2 pair of boots
Stlth    ..........             r - +4 amulet of reflection
HPRegen  0.25/turn              P - ring of insulation
MPRegen  0.09/turn              (no ring)

@: agile, corroded, drained, very slow
A: iridescent scales 1, powered by death 2, powered by pain 1
a: Bend Time, Temporal Distortion, Slouch, Step From Time, Renounce Religion


You were on level 10 of the Dungeon.
You worshipped Cheibriados.
Cheibriados was extremely pleased with you.
You were not hungry.

You visited 2 branches of the dungeon, and saw 11 of its levels.
You also visited: Bailey.

You collected 544 gold pieces.
You spent 243 gold pieces at shops.

Inventory:

Hand Weapons
 a - the +5 demon whip "Spellbinder" (weapon) {antimagic, MR+}

   It reduces the magical energy of the wielder, and disrupts the spells and
   magical abilities of those hit.
   Natural abilities and divine invocations are not affected.
   It affects your resistance to hostile enchantments.
 b - a +1 hunting sling
 i - a +1 whip of electrocution
 I - the +8 spear of Chance {freeze, rF+ rC+}
   (You found it on level 7 of the Dungeon)

   It has been specially enchanted to freeze those struck by it, causing extra
   injury to most foes and up to half again as much damage against particularly
   susceptible opponents.
   It can also slow down cold-blooded creatures.
   It protects you from fire.
   It protects you from cold.
 R - a +1 halberd of electrocution
 S - the +4 quarterstaff "Hanluxo" {holy, rElec rC+, unknown}
   (You found it on level 9 of the Dungeon)

   It has been blessed by the Shining One to cause great damage to the undead
   and demons.
   It protects you from cold.
   It insulates you from electricity.
Missiles
 l - 1799 stones
 m - 293 sling bullets
 s - 1327 tomahawks (quivered)
 T - 121 poisoned tomahawks
Armour
 c - a +2 pair of boots (worn)
 d - a +1 pair of gloves (worn)
 v - a +1 hat (worn)
 C - a +0 chain mail
 E - a +0 buckler
 L - a +2 plate armour of poison resistance (worn)
 V - the +1 pair of boots "Fanob" {rN+, unknown}
   (You found it on level 10 of the Dungeon)

   It protects you from negative energy.
Jewellery
 q - an uncursed amulet of rage {unknown}
 r - a +4 amulet of reflection (around neck)
 z - an uncursed ring of fire
 P - a ring of insulation (left hand)
 Q - an uncursed amulet of the acrobat {unknown}
Wands
 y - a wand of flame (29)
 F - a wand of iceblast (6)
 H - a wand of digging (7)
 O - a wand of acid (7)
Scrolls
 j - 2 scrolls of remove curse {@r2}
 k - a scroll of fear {!r}
 w - 9 scrolls of teleportation {@r3 !r}
 B - 2 scrolls of fog {!r}
 J - a scroll of identify {@r1}
 K - a scroll of enchant armour
 N - 2 scrolls of immolation
 U - a scroll of acquirement {unknown}
Potions
 f - 6 potions of magic {unknown}
 g - 3 potions of heal wounds {@q2 !q}
 h - a potion of flight {unknown}
 n - a potion of ambrosia
 o - 8 potions of curing {unknown}
 p - 3 potions of degeneration {unknown}
 t - 5 potions of berserk rage
 u - a potion of might {@q3 !q}
 x - a potion of invisibility {unknown}
 A - a potion of cancellation {unknown}
 D - 4 potions of lignification {@q6}
 G - 5 potions of mutation {unknown}
 M - a potion of resistance
Comestibles
 e - 13 rations {!d}


   Skills:
 + Level 10.9(9.7) Fighting
 - Level 12.0(10.8) Maces & Flails
 - Level 1.9(1.0) Slings
 * Level 2.3(1.4) Armour
 - Level 2.6(1.7) Dodging
 - Level 3.0(2.0) Stealth
 - Level 5.7(4.7) Shields
 + Level 5.9(4.9) Invocations


You had 10 spell levels left.
You didn't know any spells.
Your spell library contained the following spells:

 Spells                   Type           Power        Failure   Level  Hunger
 Apportation              Tloc           #.....       86%         1    ##.....
 Corona                   Hex            #......      86%         1    ##.....
 Infusion                 Chrm           #.......     86%         1    ##.....
 Sandblast                Erth           #.....       86%         1    ##.....
 Slow                     Hex            #.......     86%         1    ##.....
 Summon Butterflies       Summ           #.......     86%         1    ##.....
 Shackle                  Hex            #.......     94%         2    ###....
 False Image              Hex/Summ       #.......     99%         3    ####...
 Inner Flame              Hex/Fire       N/A          99%         3    ####...
 Cause Fear               Hex            #.........   100%        4    #####..
 Yara's Violent Unravell  Hex/Tmut       #.........   100%        4    #####..


Dungeon Overview and Level Annotations

Branches:
Dungeon (10/12)            Temple (1/1) D:6            Lair (0/6) D:8
    Orc (0/1) D:8

Altars:
Ashenzari
Cheibriados
Dithmenos
Elyvilon
Fedhas
Gozag
Hepliaklqana
Kikubaaqudgha
Lugonu
Makhleb
Nemelex Xobeh
Okawaru
Qazlal
Ru
Sif Muna
Trog
Uskayaw
Vehumet
Wu Jian
Xom
Yredelemnul
Zin
The Shining One

Shops:
D:5 %   D:8 *(:


Innate Abilities, Weirdness & Mutations

You are partially covered in iridescent scales. (AC +2)
You regenerate health from kills.
You sometimes gain a little power by taking damage.


Message History

Your +1 halberd of electrocution stops crackling.
The +8 spear of Chance {freeze, rF+ rC+} glows with a cold blue light!
I - the +8 spear of Chance (weapon)
{freeze, rF+ rC+} The rust devil hits you.
The rust devil corrodes you!
Attack whom?
Press: ? - help, Dir - move target cursor, f/p - kobold demonologist
Aim: a kobold demonologist, wielding a +0 dagger and wearing a +0 robe (lightly wounded)
You reach to attack!
You hit the kobold demonologist but do no damage.
The kobold demonologist is lightly wounded.
The smoke demon gestures at you. Something smites you!
You focus on the pain.
You feel more agile all of a sudden. The rust devil barely misses you.
Attack whom?
Press: ? - help, Dir - move target cursor, f/p - kobold demonologist
Aim: a kobold demonologist, wielding a +0 dagger and wearing a +0 robe (lightly wounded)
You reach to attack!
You hit the kobold demonologist but do no damage.
The kobold demonologist is lightly wounded.
The rust devil closely misses you.
You feel sick.
The smoke demon disappears in a puff of smoke!
The kobold demonologist gestures wildly while chanting.
The white imp puffs mist at you. The rust devil barely misses you.
Attack whom?
Press: ? - help, Dir - move target cursor, f/p - kobold demonologist
Aim: a kobold demonologist, wielding a +0 dagger and wearing a +0 robe (lightly wounded)
The rust devil is in the way.
You hit the rust devil. You freeze the rust devil.
The rust devil is lightly wounded.
The rust devil closely misses you.
Attack whom?
Press: ? - help, Dir - move target cursor, f/p - kobold demonologist
Aim: a kobold demonologist, wielding a +0 dagger and wearing a +0 robe (lightly wounded)
The rust devil is in the way.
You hit the rust devil but do no damage.
The rust devil is lightly wounded.
The rust devil hits you. The rust devil corrodes you!
Attack whom?
Press: ? - help, Dir - move target cursor, f/p - kobold demonologist
Aim: a kobold demonologist, wielding a +0 dagger and wearing a +0 robe (lightly wounded)
You reach to attack!
You hit the kobold demonologist. You freeze the kobold demonologist.
The kobold demonologist is lightly wounded.
The rust devil hits you! The rust devil corrodes you!
Wield which item (- for none, * to show all)? (? for menu, Esc to quit)
The +8 spear of Chance {freeze, rF+ rC+} stops glowing.
You feel magic leave you.
a - the +5 demon whip "Spellbinder" (weapon)
{antimagic, MR+} You hit the rust devil but do no damage.
The rust devil is lightly wounded.
The rust devil hits you. The rust devil corrodes you!
You hit the rust devil but do no damage.
The rust devil is lightly wounded.
The kobold demonologist mumbles some strange words.
The rust devil hits you! The rust devil corrodes you!
You hit the rust devil but do no damage.
The rust devil is lightly wounded.
You barely miss the rust devil.
The rust devil is lightly wounded.
You feel sick. The rust devil hits you! The rust devil corrodes you!
You hit the rust devil but do no damage.
The rust devil is lightly wounded.
The kobold demonologist looks braver for a moment.
You whack the rust devil!
The rust devil is moderately wounded.
The rust devil disappears in a puff of smoke!
The red devil hits you from afar with a +0 trident!!
* * * LOW HITPOINT WARNING * * *
The kobold demonologist casts a spell.
The kobold demonologist barely misses you.
The red devil hits you from afar with a +0 trident!
* * * LOW HITPOINT WARNING * * *
Items here: )) [[ a +2 falchion of freezing; a +0 robe; a +2 spear; a +0 robe You hit the kobold demonologist but do no damage.
Desperate hands claw out from thin air!
The kobold demonologist is lightly wounded.
The kobold demonologist hits you but does no damage.
Okay, then.
You swap places.
Your worldbinder calls forth creatures from the Shoals!
The crimson imp blinks!
The kobold demonologist hits your worldbinder but does no damage.
Your worldbinder hits the kobold demonologist.
Your worldbinder barely misses the kobold demonologist.
You swap places.
You feel sick.
You are no longer poisoned.
Your worldbinder hits the kobold demonologist!
Your worldbinder hits the kobold demonologist but does no damage.
The kobold demonologist barely misses your worldbinder.
Your worldbinder calls forth creatures from the Shoals!
Your merfolk siren hits the kobold demonologist from afar with a +0 trident!
The kobold demonologist hits your worldbinder but does no damage.
Your worldbinder hits the kobold demonologist.
Your worldbinder closely misses the kobold demonologist.
The soul eater draws from the surrounding life force!
You die...

#.# ##.# ##.....##
##..# ##.......##
##...####.........#
#..(....+.......K.K
##...####.........#
#...# #...>.5.# #.###
#..5K.# #@# #4zz# #m#
##'## #x# #.#
####K##########)#####
#.5534)Hz.KK.........
#.##K###4####....####
# #.# #.###......#
#4###.##.......#
#..........#.#.#


You could see a soul eater, an ice devil, a kobold demonologist, a red devil, a
big kobold, a crimson imp, a friendly merfolk siren and a friendly worldbinder.

Vanquished Creatures
  A centaur warrior (D:7)
  3 two-headed ogres
  Nergalle (D:9)
  A wolf spider zombie (D:7)
  A deep elf mage (D:10)
  An ugly thing (D:9)
  A manticore (D:9)
  A kobold demonologist (D:10)
  2 trolls
  3 hippogriffs
  A wyvern (D:9)
  8 yaks
  A steam dragon (D:10)
  2 hungry ghosts (D:6)
  Duvessa (D:4)
  An orc warrior (Bailey)
  2 black bears
  4 sky beasts
  A necrophage (D:8)
  4 ogres
  3 phantoms
  2 centaurs
  4 big kobolds
  3 bullfrogs
  Blork the orc (D:4)
  A wyvern skeleton (D:6)
  Dowan (D:4)
  A scorpion (D:8)
  6 killer bees (D:7)
  5 wights (D:10)
  2 howler monkeys (D:8)
  3 bullfrog zombies
  3 centaur zombies (D:5)
  4 crimson imps
  A quasit (D:5)
  6 hounds
  2 jellies
  6 orc priests
  A bullfrog skeleton (D:8)
  A gnoll shaman (D:4)
  3 iguanas (D:5)
  3 worker ants
  3 orc wizards
  A hound zombie (D:5)
  2 hound skeletons (D:5)
  2 worker ant zombies
  Robin (D:2)
  A howler monkey skeleton (D:7)
  5 adders
  26 gnolls
  2 shadow imps
  An ooze (D:3)
  4 adder zombies (D:5)
  3 adder skeletons (D:5)
  3 worms
  2 dart slugs
  3 leopard geckos
  28 orcs
  3 giant cockroaches
  25 goblins
  15 hobgoblins
  2 jackals (D:9)
  31 kobolds
  3 quokkas
  3 bats
  4 frilled lizards
  2 jackal zombies (D:5)
  3 leopard gecko zombies (D:5)
  A quokka zombie (D:5)
  4 rats
285 creatures vanquished.

Vanquished Creatures (collateral kills)
  Prince Ribbit (D:8)
  An orc warrior (D:7)
  An orc wizard (D:7)
  A shadow imp (D:7)
4 creatures vanquished.

Vanquished Creatures (others)
  A kobold (Bailey)
  2 plants (D:8)
3 creatures vanquished.

Grand Total: 292 creatures vanquished

Notes
Turn   | Place    | Note
-------+----------+-------------------------------------------
     0 | D:1      | MisterOstroum the Demonspawn Archaeologist began the quest
                  | for the Orb.
     0 | D:1      | Reached XP level 1. HP: 15/15 MP: 1/1
   263 | D:1      | Gained mutation: You regenerate a little health from kills.
                  | [demonic ancestry]
   263 | D:1      | Reached XP level 2. HP: 21/22 MP: 2/2
   979 | D:2      | Found a radiant altar of Vehumet.
   983 | D:2      | Found an ancient bone altar of Kikubaaqudgha.
   984 | D:2      | Found a deep blue altar of Sif Muna.
   987 | D:2      | Identified Sif Muna's Compendium of Bewitchment
  1037 | D:2      | Reached XP level 3. HP: 29/29 MP: 3/3
  1125 | D:2      | Noticed Robin
  1232 | D:2      | Reached skill level 1 in Maces & Flails
  1420 | D:2      | Killed Robin
  1425 | D:2      | Reached skill level 2 in Maces & Flails
  1429 | D:2      | Reached XP level 4. HP: 35/35 MP: 4/4
  1851 | D:3      | HP: 2/55 [gnoll/cursed +0 spear (1)]
  1883 | D:3      | Reached skill level 3 in Maces & Flails
  2104 | D:3      | Gained mutation: You are partially covered in iridescent
                  | scales. (AC +2) [demonic ancestry]
  2104 | D:3      | Reached XP level 5. HP: 42/42 MP: 5/5
  2573 | D:3      | Reached skill level 4 in Maces & Flails
  2573 | D:3      | Reached skill level 1 in Slings
  2787 | D:4      | Noticed Blork the orc
  2804 | D:4      | Killed Blork the orc
  2804 | D:4      | Reached XP level 6. HP: 35/49 MP: 6/6
  3258 | D:4      | Found a deep blue altar of Sif Muna.
  3337 | D:4      | Noticed Dowan
  3339 | D:4      | Noticed Duvessa
  3408 | D:5      | Entered Level 5 of the Dungeon
  3415 | D:5      | Reached skill level 5 in Fighting
  3415 | D:5      | Reached skill level 5 in Maces & Flails
  3520 | D:5      | Reached skill level 6 in Maces & Flails
  3520 | D:5      | Reached XP level 7. HP: 32/56 MP: 7/7
  3675 | D:5      | Found Taororr's Food Shop.
  3717 | D:5      | Found a corrupted altar of Lugonu.
  3867 | D:4      | Killed Duvessa
  3867 | D:4      | Reached skill level 7 in Maces & Flails
  3871 | D:4      | Killed Dowan
  4391 | D:4      | Found a deep blue altar of Sif Muna.
  4878 | D:5      | Reached XP level 8. HP: 52/64 MP: 8/8
  5246 | D:6      | Reached skill level 8 in Maces & Flails
  5348 | D:6      | Found a staircase to the Ecumenical Temple.
  5357 | Temple   | Entered the Ecumenical Temple
  5499 | Temple   | Became a worshipper of Cheibriados the Contemplative
  5908 | D:6      | Reached skill level 9 in Maces & Flails
  6173 | D:6      | Reached XP level 9. HP: 71/72 MP: 9/9
  6411 | D:7      | Reached skill level 1 in Invocations
  6694 | D:7      | Got an encrusted spear
  6695 | D:7      | Identified the +8 spear of Chance {freeze, rF+ rC+} (You
                  | found it on level 7 of the Dungeon)
  6754 | D:7      | Noticed a centaur warrior
  6774 | D:7      | Killed a centaur warrior
  6774 | D:7      | Reached * piety under Cheibriados
  6774 | D:7      | Reached skill level 10 in Maces & Flails
  7048 | D:7      | Noticed a troll
  7055 | D:7      | Killed a troll
  7288 | D:7      | Reached skill level 5 in Invocations
  7312 | D:7      | Gained mutation: You sometimes gain a little power by
                  | taking damage. [demonic ancestry]
  7312 | D:7      | Reached XP level 10. HP: 82/82 MP: 13/13
  7321 | D:7      | Reached skill level 1 in Shields
  7414 | D:7      | Reached ** piety under Cheibriados
  7929 | D:7      | Reached skill level 11 in Maces & Flails
  7959 | D:8      | Found Lytapheh's Book Emporium.
  7991 | D:8      | Found a white marble altar of Elyvilon.
  7996 | D:8      | Noticed a two-headed ogre
  8020 | D:8      | Killed a two-headed ogre
  8508 | D:8      | Found Kicsusimp's Assorted Antiques.
  8607 | D:8      | Found a staircase to the Lair.
  8607 | D:8      | Found a staircase to the Orcish Mines.
  8611 | D:8      | Bought a blue potion for 18 gold pieces
  8611 | D:8      | Bought a bubbling silvery potion for 18 gold pieces
  8611 | D:8      | Bought a wooden wand for 84 gold pieces
  8611 | D:8      | Bought a scratched garnet ring for 105 gold pieces
  8611 | D:8      | Bought a bubbling silvery potion for 18 gold pieces
  8638 | D:8      | Reached *** piety under Cheibriados
  8730 | D:8      | Found Nupei's Antique Weapon Boutique.
  8804 | D:8      | Noticed Prince Ribbit
  8814 | D:8      | Killed Prince Ribbit
  8864 | D:8      | Noticed an angel
  8865 | D:8      | Found a glowing silver altar of Zin.
  8974 | D:8      | Found a burning altar of Makhleb.
  8974 | D:8      | Found a shimmering altar of Xom.
  9174 | D:8      | Found a sparkling altar of Nemelex Xobeh.
  9259 | D:9      | Noticed a two-headed ogre
  9274 | D:9      | Killed a two-headed ogre
  9274 | D:9      | Reached skill level 12 in Maces & Flails
  9274 | D:9      | Gained mutation: You regenerate health from kills. [demonic
                  | ancestry]
  9274 | D:9      | Reached XP level 11. HP: 62/90 MP: 1/14
  9399 | D:9      | Got a crude quarterstaff
  9445 | D:9      | Reached skill level 10 in Fighting
  9602 | D:9      | Noticed Nergalle
  9602 | D:9      | Noticed a two-headed ogre
  9607 | D:9      | Killed a two-headed ogre
  9615 | D:9      | Killed Nergalle
  9615 | D:9      | Reached skill level 5 in Shields
  9740 | D:9      | Noticed a white ugly thing
  9751 | D:9      | Killed a white ugly thing
  9762 | D:9      | Found a flagged portal.
  9792 | Bailey   | Entered a bailey
  9854 | Bailey   | Reached **** piety under Cheibriados
 10151 | Bailey   | Reached ***** piety under Cheibriados
 10681 | D:10     | Entered Level 10 of the Dungeon
 10719 | D:10     | Got a pair of spiked boots
 10740 | D:10     | Noticed a deep elf mage
 10754 | D:10     | Killed a deep elf mage
 10754 | D:10     | Reached skill level 1 in Armour
 10824 | D:10     | Noticed a soul eater
 10826 | D:10     | Killed from afar by a soul eater

Skill      XL: |  1  2  3  4  5  6  7  8  9 10 11 |
---------------+----------------------------------+-----
Fighting       | 2 3 4 5 6 7 8 9 10 | 10.9
Maces & Flails | 2 3 4 6 7 9 10 12 | 12.0
Slings         | 1 |  1.9
Invocations    | 5 |  5.9
Shields        | 4 5 |  5.7
Armour         | 2 |  2.3
Dodging        | |  2.6
Stealth        | |  3.0

Action                   |  1- 3 |  4- 6 |  7- 9 | 10-12 || total
-------------------------+-------+-------+-------+-------++-------
Melee: Unarmed           |    45 |       |       |       ||    45
       Dagger            |    56 |       |       |       ||    56
       Whip              |    58 |       |   269 |   137 ||   464
       Club              |     4 |       |       |       ||     4
       Mace              |    29 |    59 |       |       ||    88
       Flail             |       |   117 |     9 |       ||   126
       Demon whip        |       |       |   109 |   223 ||   332
       Spear             |       |       |       |     5 ||     5
       Halberd           |       |       |       |     2 ||     2
 Fire: Hunting sling     |    15 |    97 |     5 |    14 ||   131
Throw: Stone             |    54 |    43 |    42 |    23 ||   162
       Tomahawk          |       |       |     1 |   122 ||   123
Invok: Bend Time         |       |       |       |     3 ||     3
Evoke: Wand              |       |       |       |     2 ||     2
  Use: Scroll            |     6 |       |     7 |     3 ||    16
       Potion            |       |     3 |       |     1 ||     4
  Eat: Chunk             |     2 |     6 |     8 |     6 ||    22
       Ration            |       |       |     3 |       ||     3
Armor: Scale mail        |   119 |   133 |   142 |       ||   394
       Robe              |     3 |       |       |       ||     3
       Skin              |       |    34 |       |     1 ||    35
       Plate armour      |       |       |       |   174 ||   174
       Chain mail        |       |       |       |    29 ||    29
Dodge: Dodged            |   100 |   122 |   129 |   130 ||   481
Block: Other             |       |       |    23 |    54 ||    77
       Reflection        |       |       |       |     6 ||     6
